 Dungeon Crawl Stone Soup version 0.27-a0-1555-g0e7b3fb1d2 (webtiles) character file.

Game seed: 311236505448893230

10367 Lemonice the Zephyrmancer (level 11, -6/60 HPs)
             Began as a Tengu Air Elementalist on July 15, 2021.
             Was a Follower of Vehumet.
             Mangled by a boulder beetle (45 damage)
             ... on level 11 of the Dungeon.
             The game lasted 00:39:24 (17211 turns).

Lemonice the Zephyrmancer (Tengu Air Elementalist) Turns: 17211, Time: 00:39:24

Health: -6/60      AC: 10    Str:  8    XL:     11   Next: 61%
Magic:  8/24       EV: 17    Int: 20    God:    Vehumet [*.....]
Gold:   518        SH:  0    Dex: 14    Spells: 17/27 levels left

rFire    . . .     SeeInvis .   y - +2 dagger (freeze)
rCold    . . .     Faith    .   (no shield)
rNeg     + . .     Spirit   .   Q - +0 acid dragon scales
rPois    .         Reflect  .   (helmet restricted)
rElec    .         Harm     .   P - +1 cloak {rCorr}
rCorr    +         Rampage  .   (no gloves)
Will     .....                  (boots unavailable)
Stlth    ++........             (no amulet)
HPRegen  0.20/turn              e - ring of positive energy
MPRegen  0.19/turn              (no ring)

@: swift, flying quickly and evasively, very quick
A: beak, talons 3, nimble flight
a: Renounce Religion


You were on level 11 of the Dungeon.
You worshipped Vehumet.
Vehumet was aware of your devotion.
You visited 2 branches of the dungeon, and saw 12 of its levels.

You collected 518 gold pieces.

Inventory:

Hand Weapons
 c - a +0 spear
 f - a +0 dagger
 h - a +3 dagger
 y - a +2 dagger of freezing (weapon)
 G - a +1 scimitar of holy wrath
Missiles
 K - a throwing net
Armour
 a - a +0 robe
 C - a +1 leather armour of cold resistance
 H - a +0 pair of boots
 P - a +1 cloak of preservation (worn)
 Q - +0 acid dragon scales (worn)
Jewellery
 e - a ring of positive energy (left hand)
 A - a ring of fire
 M - a +6 ring of dexterity
 N - an amulet of reflection
Wands
 j - a wand of acid (8)
 k - a wand of paralysis (6)
 q - a wand of flame (29)
 I - a wand of iceblast (19)
 L - a wand of charming (4)
Scrolls
 b - 7 scrolls of teleportation {unknown}
 g - 3 scrolls of noise {unknown}
 i - 2 scrolls of holy word {unknown}
 m - 2 scrolls of magic mapping {unknown}
 o - a scroll of immolation {unknown}
 p - 2 scrolls of torment {unknown}
 u - 2 scrolls of amnesia {unknown}
 w - 3 scrolls of enchant armour {unknown}
 B - 2 scrolls of enchant weapon {unknown}
 D - 4 scrolls of identify {unknown}
 E - a scroll of summoning {unknown}
 F - a scroll of fog {unknown}
 J - a scroll of silence {unknown}
 R - a scroll of brand weapon {unknown}
Potions
 d - 2 potions of might {unknown}
 l - a potion of flight {unknown}
 n - 13 potions of curing
 r - a potion of invisibility {unknown}
 s - 4 potions of heal wounds {unknown}
 t - 3 potions of haste {unknown}
 v - 2 potions of lignification {unknown}
 x - 2 potions of degeneration {unknown}
 z - a potion of resistance {unknown}
 O - a potion of mutation {unknown}
 S - a potion of brilliance {unknown}


   Skills:
 + Level 3.6 Fighting
 - Level 8.5 Armour
 - Level 9.0 Dodging
 - Level 2.0 Stealth
 + Level 8.8 Spellcasting
 + Level 6.0 Conjurations
 - Level 12.0 Air Magic


You had 17 spell levels left.
You knew the following spells:

 Your Spells              Type           Power      Damage    Failure   Level
a - Shock                 Conj/Air       100%       1d9       1%          1
b - Airstrike             Air            27%        N/A       1%          4
c - Static Discharge      Conj/Air       45%        N/A       1%          2
d - Swiftness             Air            54%        N/A       1%          3

Your spell library contained the following spells:

 Spells                   Type           Power      Damage    Failure   Level
 Foxfire                  Conj/Fire      80%        2x1d8     3%          1
 Sublimation of Blood     Necr           4%         N/A       19%         2
 Wereblood                Tmut           8%         N/A       19%         2
 Tukima's Dance           Hex            8%         N/A       36%         3
 Dispel Undead            Necr           8%         3d8       77%         4
 Summon Hydra             Summ           4%         N/A       100%        7
 Necromutation            Tmut/Necr      4%         N/A       100%        8


Dungeon Overview and Level Annotations

Branches:
Dungeon (11/15)            Temple (1/1) D:4
   Lair: D:8-11         Orc: D:9-12

Altars:
Ashenzari
Cheibriados
Dithmenos
Elyvilon
Fedhas
Hepliaklqana
Kikubaaqudgha
Makhleb
Nemelex Xobeh
Okawaru
Qazlal
Ru
Sif Muna
Trog
Uskayaw
Vehumet
Xom
Yredelemnul
Zin
The Shining One


Innate Abilities, Weirdness & Mutations

You have a beak for a mouth.
You have claws for feet.
Your magical nature lets you fly swiftly and evasively.


Message History

Casting: Airstrike (dangerous; 1% risk of failure)
Confirm with . or Enter, or press ? or * to list all spells.
Aiming: Airstrike (dangerous; 1% risk of failure)
Press: ? - help, Dir - move target, f/p - boulder beetle
Aim: a boulder beetle (moderately wounded, rolling)
The air twists around and strikes the boulder beetle.
The boulder beetle is moderately wounded.
The boulder beetle hits you!!!
Ouch! That really hurt!
The boulder beetle stops rolling and uncurls.
Casting: Airstrike (dangerous; 1% risk of failure)
Confirm with . or Enter, or press ? or * to list all spells.
You can't see any susceptible monsters within range! (Use Z to cast anyway.)
Casting: Airstrike (dangerous; 1% risk of failure)
Confirm with . or Enter, or press ? or * to list all spells.
You feel quick.
The boulder beetle curls into a ball and begins rolling!
It was a potion of curing.
You feel better. The boulder beetle misses you.
The boulder beetle stops rolling and uncurls.
Aiming: Paralyse
Press: ? - help, Shift-Dir - straight line, f/p - boulder beetle
Aim: a boulder beetle (moderately wounded, chance to affect: 28%)
Okay, then.
Aiming: Corrosive Bolt
Press: ? - help, Shift-Dir - straight line, f/p - boulder beetle
Aim: a boulder beetle (moderately wounded, 100% to hit)
The bolt of acid hits the boulder beetle!
The boulder beetle is splashed with acid.
The acid corrodes the boulder beetle!
The boulder beetle is heavily wounded.
The boulder beetle curls into a ball and begins rolling!
Aiming: Corrosive Bolt
Press: ? - help, Shift-Dir - straight line, f/p - boulder beetle
Aim: a boulder beetle (heavily wounded, rolling, covered in acid, 100% to hit)
The bolt of acid hits the boulder beetle.
The boulder beetle is splashed with acid.
The boulder beetle is heavily wounded.
You feel better. The boulder beetle hits you!!!
Ouch! That really hurt!
You die...

#......# #... .#
#......# #...#####.#
#.####.# .......[.
#.####.# .......
#......# ..... #......#
....
#......##########'####
#......#....##.......#
#.....@#.............#
#.....B#.............#
#.....°#.............#
#.#....###.##........#
#.#.....#8.8#........#
#.#.....°○...........#
#.#....##8°8#........#
#......###.######°...#
#......+....##.##....##


You could see a boulder beetle (rolling, corroded).

Vanquished Creatures
  Harold (D:9)
  3 two-headed ogres
  A death knight (D:11)
  The ghost of kelmiir the Ducker, a novice DjFE (D:6)
  Maurice (D:10)
  The ghost of Mateji the Shield-Bearer, a novice FoFi (D:5)
  A troll (D:9)
  A vampire (D:10)
  A wraith (D:10)
  Grum (D:9)
  A basilisk (D:7)
  Menkaure (D:5)
  An acid dragon (D:10)
  2 water moccasins
  7 orc warriors
  4 necrophages
  A sky beast (D:7)
  7 ogres
  2 wolves
  2 centaurs (D:8)
  4 bullfrogs
  2 scorpions
  A water moccasin zombie (D:5)
  A water moccasin skeleton (D:4)
  6 killer bees (D:9)
  3 wights (D:9)
  4 howler monkeys (D:9)
  2 jellies
  5 centaur zombies
  8 orc priests
  2 hounds
  A bullfrog skeleton (D:6)
  A centaur skeleton (D:5)
  An iguana (D:7)
  Terence (D:2)
  9 orc wizards
  3 hound skeletons
  Robin (D:2)
  A howler monkey zombie (D:9)
  8 gnolls
  A howler monkey skeleton (D:7)
  10 adders
  A shadow imp (D:7)
  A white imp (D:6)
  4 ufetubi
  A worm (D:3)
  3 dart slugs
  38 orcs
  7 ball pythons
  9 endoplasms
  5 giant cockroaches
  8 hobgoblins
  12 jackals
  3 quokkas
  6 bats
  6 frilled lizards
  15 goblins
  8 kobolds
  2 rats (D:2)
244 creatures vanquished.

Vanquished Creatures (others)
  A plant (D:1)
1 creature vanquished.

Grand Total: 245 creatures vanquished

Notes
Turn   | Place    | Note
-------+----------+-------------------------------------------
     0 | D:1      | Lemonice the Tengu Air Elementalist began the quest for the
                  | Orb.
     0 | D:1      | Reached XP level 1. HP: 10/10 MP: 4/4
   236 | D:1      | Reached XP level 2. HP: 15/15 MP: 4/6
   378 | D:1      | Reached skill level 5 in Air Magic
   884 | D:1      | Reached XP level 3. HP: 19/19 MP: 3/7
  1178 | D:2      | Found a shimmering altar of Xom.
  1349 | D:2      | Reached skill level 6 in Air Magic
  1397 | D:2      | Noticed Robin
  1414 | D:2      | Killed Robin
  1415 | D:2      | Reached XP level 4. HP: 16/24 MP: 0/8
  1614 | D:2      | Noticed Terence
  1637 | D:2      | Learned a level 4 spell: Airstrike
  1710 | D:2      | Killed Terence
  1806 | D:2      | Reached skill level 7 in Air Magic
  2122 | D:2      | Gained mutation: Your magical nature lets you fly swiftly
                  | and evasively. [Tengu growth]
  2122 | D:2      | Reached XP level 5. HP: 25/28 MP: 2/9
  2793 | D:3      | Found a shadowy altar of Dithmenos.
  3693 | D:4      | Noticed a necrophage
  3696 | D:4      | Reached XP level 6. HP: 31/32 MP: 6/11
  3716 | D:4      | Killed a necrophage
  4076 | D:4      | Learned a level 2 spell: Static Discharge
  4080 | D:4      | Learned a level 3 spell: Swiftness
  4207 | D:4      | Found a staircase to the Ecumenical Temple.
  4885 | D:5      | Entered Level 5 of the Dungeon
  4887 | D:5      | Noticed Mateji's ghost (novice FoFi)
  4951 | D:5      | Reached XP level 7. HP: 36/36 MP: 8/14
  5074 | D:5      | Reached skill level 8 in Air Magic
  5151 | D:5      | Noticed Menkaure
  5154 | D:5      | Killed Menkaure
  5316 | D:5      | Reached skill level 5 in Spellcasting
  5436 | D:5      | Reached skill level 9 in Air Magic
  5496 | D:5      | Reached XP level 8. HP: 41/41 MP: 10/17
  5603 | D:5      | Found a transporter.
  6840 | D:6      | Found a sparkling altar of Nemelex Xobeh.
  6846 | D:6      | Reached skill level 10 in Air Magic
  6936 | D:6      | Found a runed translucent door.
  6940 | D:6      | Noticed kelmiir's ghost (novice DjFE)
  7463 | D:6      | Got Koirph's Disquisition on Evil Hexes
  7473 | D:6      | Found a hide-covered altar of Uskayaw.
  7483 | D:6      | Reached XP level 9. HP: 45/45 MP: 11/20
  7558 | D:6      | Reached skill level 11 in Air Magic
  8345 | D:7      | Found a white marble altar of Elyvilon.
  8762 | D:7      | Found a blossoming altar of Fedhas.
  8859 | D:7      | Reached skill level 12 in Air Magic
  9105 | D:7      | Reached skill level 1 in Armour
 10342 | D:8      | Noticed a two-headed ogre
 10346 | D:8      | Killed a two-headed ogre
 10347 | D:8      | Reached skill level 5 in Dodging
 10347 | D:8      | Reached XP level 10. HP: 50/50 MP: 6/23
 10440 | D:8      | Found a stormy altar of Qazlal.
 10789 | D:5      | Found a transporter.
 10842 | Temple   | Entered the Ecumenical Temple
 10861 | Temple   | Became a worshipper of Vehumet
 10978 | D:6      | Killed kelmiir's ghost
 10979 | D:6      | Reached skill level 5 in Armour
 11364 | D:8      | Found a hazy altar of Hepliaklqana.
 11378 | D:8      | Noticed a two-headed ogre
 11580 | D:8      | Killed a two-headed ogre
 12537 | D:9      | Noticed Grum
 12989 | D:5      | Killed Mateji's ghost
 13358 | D:9      | Killed Grum
 13596 | D:9      | Found a basalt altar of Yredelemnul.
 13628 | D:9      | Noticed Harold
 13847 | D:9      | Killed Harold
 13848 | D:9      | Reached XP level 11. HP: 51/54 MP: 0/24
 14115 | D:9      | Reached * piety under Vehumet
 14115 | D:9      | Offered knowledge of Foxfire by Vehumet.
 14997 | D:9      | Reached skill level 1 in Fighting
 15454 | D:10     | Entered Level 10 of the Dungeon
 16093 | D:10     | Noticed Maurice
 16097 | D:10     | Killed Maurice
 16294 | D:10     | Reached skill level 5 in Conjurations
 16334 | D:10     | Noticed a two-headed ogre
 16338 | D:10     | Killed a two-headed ogre
 16613 | D:11     | Noticed a death knight
 16628 | D:11     | Killed a death knight
 16843 | D:11     | Noticed a boulder beetle
 17211 | D:11     | Mangled by a boulder beetle

Illustrated notes

Levels and vault maps discovered:
D:1:      minmay_arrival_up_and_down, layout_basic, serial_rivers,
          chequers_serial_rivers_micro_c, chequers_serial_rivers_small_a,
          chequers_serial_rivers_small_b, chequers_serial_rivers_micro_b,
          chequers_serial_rivers_micro_d, minivault_26, serial_bayou_crossing
D:2:      layout_rooms, serial_glass, glass_columns_b, glass_columns_a,
          basic_altar, uniq_robin, uniq_terence
D:3:      layout_loops_cross, nicolae_dithmenos_shadow_blocks,
          kennysheep_generic_room_14
D:4:      layout_layer_cave, minmay_temple_entry_antechambers,
          minmay_door_square, nrook_mini_vaults
D:5:      layout_basic, gammafunk_ghost_smash, serial_park_tiny_2,
          dk_vineyard_2, chequers_garden, minmay_misc_feat_rows, uniq_menkaure
D:6:      layout_cave_pools, nicolae_uskayaw_murder_on_the_dancefloor,
          nemelex_xobeh_ov_fountains_minmay, hellmonk_ghost_happy_afterlife
D:7:      layout_basic, mainiacjoe_overflow_small_starburst, marbit_many_paths,
          glass_columns_a, nicolae_zen_rock_garden,
          amcnicky_mini_rare_corridor_liquid
D:8:      layout_basic, mainiacjoe_overflow_surrounded_room,
          lemuel_doored_altar, hex_medium, grunt_ministairs_14
D:9:      layout_long_grid, lemuel_zombie_altar_yredelemnul, uniq_harold,
          uniq_grum
D:10:     layout_irregular_city, uniq_maurice
D:11:     cheibrodos_grave_circle, layout_stronghold, dpeg_oklobed_lair,
          small_statue_intersection
Temple:   eino_temple_lava

Skill      XL: |  1  2  3  4  5  6  7  8  9 10 11 |
---------------+----------------------------------+-----
Air Magic      | 5 6 7 9 10 12 | 12.0
Conjurations   | 2 3 6 |  6.0
Spellcasting   | 3 4 5 7 8 |  8.8
Armour         | 4 8 |  8.5
Dodging        | 5 8 9 |  9.0
Fighting       | 3 |  3.6
Stealth        | |  2.0

Action                   |  1- 3 |  4- 6 |  7- 9 | 10-12 || total
-------------------------+-------+-------+-------+-------++-------
Melee: Dagger            |     1 |     2 |    10 |     3 ||    16
       Kick              |       |     1 |     2 |     1 ||     4
       Peck              |       |       |     1 |     1 ||     2
 Cast: Shock             |    66 |   148 |    73 |     4 ||   291
       Airstrike         |       |     2 |    90 |   161 ||   253
       Static Discharge  |       |     3 |       |     2 ||     5
       Swiftness         |       |       |     1 |     7 ||     8
Evoke: Wand              |       |       |       |     3 ||     3
  Use: Potion            |       |       |       |     2 ||     2
Armor: Robe              |     3 |     3 |     3 |       ||     9
       Leather armour    |       |       |       |    10 ||    10
Dodge: Dodged            |    13 |    13 |    16 |    50 ||    92

Table legend: (Time is in decaauts)
 A = Elapsed time spent in this place.
 B = Non-inter-level travel time spent in this place.
 C = Inter-level travel time spent in this place.
 D = Time resting spent in this place.
 E = Time spent auto-exploring this place.
 F = Levels seen in this place.
 G = Mean time per level.
                   A        B        C        D        E       F      G
               +--------+--------+--------+--------+--------+-----+--------+
         Total |  16450 |  15297 |   1153 |      0 |  13294 |  12 | 1370.8 |
       Dungeon |  16424 |  15271 |   1153 |      0 |  13294 |  11 | 1493.1 |
        Temple |     26 |     26 |      0 |      0 |      0 |   1 |   26.0 |
               +--------+--------+--------+--------+--------+-----+--------+

Top non-repeatable levels by time:
     D:8: 2678 daAuts
     D:5: 2261 daAuts
     D:7: 2022 daAuts
     D:9: 1652 daAuts
     D:4: 1641 daAuts
     D:6: 1415 daAuts
     D:2: 1221 daAuts
     D:1: 1070 daAuts
    D:10: 1003 daAuts
     D:3: 999 daAuts
    D:11: 456 daAuts
  Temple: 26 daAuts
